NYP
EUGENE EMERALDS @ TRI-CITY DUST DEVILS
07/01/2046
 
TOP OF THE 1ST
Eugene Emeralds batting - Pitching for Tri-City Dust Devils : LHP Juan Lopez
Pitching: LHP Juan Lopez
Batting: RHB Du Kim 0-0: Ball
1-0: Ball
2-0: Ball
3-0: Base on Balls
Batting: RHB Ryan Bush 0-0: Called Strike
0-1: Called Strike
0-2: Ground out 6-3 (Groundball, 6MS, EV 88.8 MPH)
Du Kim to second
Batting: RHB Eric Wiss 0-0: Ground out 6-3 (Groundball, 6, EV 86.9 MPH)
Du Kim to third
Batting: RHB Tim Long 0-0: Foul Ball, location: 2F
0-1: Called Strike
0-2: Ball
1-2: Strikes out swinging
Top of the 1st over - 0 runs, 0 hits, 0 errors, 1 left on base; Eugene 0 - Tri-City 0
BOTTOM OF THE 1ST
Tri-City Dust Devils batting - Pitching for Eugene Emeralds : RHP Carlos Zavala
Pitching: RHP Carlos Zavala
Batting: SHB Yutaro Takahashi 0-0: Ball
1-0: Called Strike
1-1: Bunted foul
1-2: Strikes out swinging
Batting: LHB Phil Lerner 0-0: Ball
1-0: Ball
2-0: Ball
3-0: Base on Balls
Batting: RHB Hector Fernandez 0-0: Ball
Phil Lerner steals 2nd base
1-0: Called Strike
1-1: Swinging Strike
1-2: Strikes out swinging
Batting: SHB Manny Berrones 0-0: Swinging Strike
0-1: SINGLE (Groundball, 34D, EV 98.1 MPH)
Phil Lerner to third
Runner from 3rd tries for Home, SAFE, throw by RF to home
Batting: RHB Brian DeVoe 0-0: Ball
1-0: Called Strike
Manny Berrones steals 2nd base
1-1: Foul Ball, location: 2F
1-2: DOUBLE (Line Drive, 9LM, EV 108.1 MPH)
Manny Berrones scores
Pitching: RHP Dustin Buckner
Batting: LHB Jeremy DiGenova 0-0: Ball
1-0: Ground out 5-3 (Groundball, 56S, EV 84.4 MPH)
Bottom of the 1st over - 2 runs, 2 hits, 0 errors, 1 left on base; Eugene 0 - Tri-City 2
TOP OF THE 2ND
Eugene Emeralds batting - Pitching for Tri-City Dust Devils : LHP Juan Lopez
Batting: RHB Taylor Garofalo 0-0: Ball
1-0: Ball
2-0: Swinging Strike
2-1: Foul Ball, location: 2F
2-2: Foul Ball, location: 2F
2-2: SINGLE (Groundball, 56D, EV 104.4 MPH)
Batting: RHB Bill Holmes 0-0: Grounds into double play, 4-6-3 (Groundball, 34, EV 87.5 MPH)
Batting: RHB Jerry Blas 0-0: Ball
1-0: Called Strike
1-1: Ball
2-1: Called Strike
2-2: Foul Ball, location: 2F
2-2: Ball
3-2: SINGLE (Line Drive, 7S, EV 100.0 MPH)
Batting: RHB Josh Asch 0-0: Ball
1-0: Called Strike
1-1: Ball
2-1: Ground out 4-3 (Groundball, 4, EV 91.2 MPH)
Top of the 2nd over - 0 runs, 2 hits, 0 errors, 1 left on base; Eugene 0 - Tri-City 2
BOTTOM OF THE 2ND
Tri-City Dust Devils batting - Pitching for Eugene Emeralds : RHP Dustin Buckner
Batting: LHB Roger Duque 0-0: Foul Ball, location: 2F
0-1: Ball
1-1: Ball
2-1: Fly out, F5 (Popup, 56, EV 66.2 MPH)
Batting: RHB Paul Van Gilder 0-0: Ball
1-0: Called Strike
1-1: SINGLE (Groundball, 4D, EV 109.4 MPH)
Batting: RHB Eduardo Calderon 0-0: Foul Ball, location: 2F
0-1: Ball
1-1: Swinging Strike
1-2: Strikes out swinging
Batting: SHB Yutaro Takahashi 0-0: Ball
1-0: Ball
2-0: Called Strike
2-1: Ball
3-1: Base on Balls
Paul Van Gilder to second
Pitching: RHP Angel Pesina
Batting: LHB Phil Lerner 0-0: Ball
1-0: Swinging Strike
1-1: Fielders Choice at 2nd, 5-4 (Groundball, 56, EV 106.2 MPH)
Bottom of the 2nd over - 0 runs, 1 hit, 0 errors, 2 left on base; Eugene 0 - Tri-City 2
TOP OF THE 3RD
Eugene Emeralds batting - Pitching for Tri-City Dust Devils : LHP Juan Lopez
Batting: RHB Alvaro Romero 0-0: Ball
1-0: Fly out, F5 (Line Drive, 56, EV 63.8 MPH)
Batting: RHB Du Kim 0-0: Ball
1-0: Ball
2-0: Foul Ball, location: 2F
2-1: Fly out, F7 (Flyball, 7, EV 83.8 MPH)
Batting: RHB Ryan Bush 0-0: Called Strike
0-1: Swinging Strike
0-2: Strikes out swinging
Top of the 3rd over - 0 runs, 0 hits, 0 errors, 0 left on base; Eugene 0 - Tri-City 2
BOTTOM OF THE 3RD
Tri-City Dust Devils batting - Pitching for Eugene Emeralds : RHP Angel Pesina
Batting: RHB Hector Fernandez 0-0: Ball
1-0: Ball
2-0: Called Strike
2-1: SINGLE (Groundball, 25, EV 72.5 MPH) (infield hit)
Batting: SHB Manny Berrones 0-0: Ball
1-0: Called Strike
1-1: Ball
2-1: Ball
3-1: Foul Ball, location: 2F
3-2: Base on Balls
Hector Fernandez to second
Batting: RHB Brian DeVoe 0-0: Swinging Strike
0-1: Ball
1-1: Ball
2-1: Fielders Choice at 2nd, 5-4 (Groundball, 56, EV 104.4 MPH)
Hector Fernandez to third
Batting: LHB Jeremy DiGenova 0-0: Ball
1-0: Ball
2-0: DOUBLE (Line Drive, 9LM, EV 112.5 MPH)
Hector Fernandez scores
Brian DeVoe to third
Pitching: LHP Eddie Panagos
Batting: LHB Roger Duque 0-0: Foul Ball, location: 2F
0-1: Ground out U3 (Groundball, 3L, EV 100.0 MPH)
Batting: RHB Paul Van Gilder 0-0: Called Strike
0-1: Swinging Strike
0-2: Foul Ball, location: 2F
0-2: Ball
1-2: Foul Ball, location: 2F
1-2: Strikes out swinging
Bottom of the 3rd over - 1 run, 2 hits, 0 errors, 2 left on base; Eugene 0 - Tri-City 3
TOP OF THE 4TH
Eugene Emeralds batting - Pitching for Tri-City Dust Devils : LHP Juan Lopez
Batting: RHB Eric Wiss 0-0: Ball
1-0: Foul Ball, location: 2F
1-1: Ground out 6-3 (Groundball, 6, EV 105.6 MPH)
Batting: RHB Tim Long 0-0: Foul Ball, location: 2F
0-1: Ball
1-1: Ball
2-1: Called Strike
2-2: Ball
3-2: Ground out 6-3 (Groundball, 6, EV 108.1 MPH)
Batting: RHB Taylor Garofalo 0-0: Called Strike
0-1: Called Strike
0-2: Ball
1-2: Ground out 4-3 (Groundball, 4, EV 83.8 MPH)
Top of the 4th over - 0 runs, 0 hits, 0 errors, 0 left on base; Eugene 0 - Tri-City 3
BOTTOM OF THE 4TH
Tri-City Dust Devils batting - Pitching for Eugene Emeralds : LHP Eddie Panagos
Batting: RHB Eduardo Calderon 0-0: Ball
1-0: Ground out U3 (Groundball, 3, EV 81.2 MPH)
Batting: SHB Yutaro Takahashi 0-0: Called Strike
0-1: Swinging Strike
0-2: Strikes out swinging
Batting: LHB Phil Lerner 0-0: SINGLE (Groundball, 4S, EV 66.9 MPH) (infield hit)
Batting: RHB Hector Fernandez 0-0: 2-RUN HOME RUN (Flyball, 78XD, EV 98.8 MPH), Distance : 408 ft
Batting: SHB Manny Berrones 0-0: Ball
1-0: Ball
2-0: Fly out, F8 (Flyball, 8RM, EV 83.1 MPH)
Bottom of the 4th over - 2 runs, 2 hits, 0 errors, 0 left on base; Eugene 0 - Tri-City 5
TOP OF THE 5TH
Eugene Emeralds batting - Pitching for Tri-City Dust Devils : LHP Juan Lopez
Batting: RHB Bill Holmes 0-0: Called Strike
0-1: Called Strike
0-2: Ball
1-2: SINGLE (Groundball, 56D, EV 100.6 MPH)
Batting: RHB Jerry Blas 0-0: Ball
1-0: Swinging Strike
1-1: Ball
2-1: Foul Ball, location: 2F
2-2: Grounds into double play, 4-6-3 (Groundball, 4, EV 87.5 MPH)
Batting: RHB Josh Asch 0-0: Ball
1-0: Swinging Strike
1-1: Ball
2-1: Foul Ball, location: 2F
2-2: Strikes out looking
Top of the 5th over - 0 runs, 1 hit, 0 errors, 0 left on base; Eugene 0 - Tri-City 5
BOTTOM OF THE 5TH
Tri-City Dust Devils batting - Pitching for Eugene Emeralds : LHP Eddie Panagos
Pitching: RHP Dwight Bean
Batting: RHB Brian DeVoe 0-0: Ball
1-0: Ball
2-0: Swinging Strike
2-1: Fly out, F4 (Popup, 34, EV 76.9 MPH)
Batting: LHB Jeremy DiGenova 0-0: Ball
1-0: Ball
2-0: Ball
3-0: Base on Balls
Batting: LHB Roger Duque 0-0: Ball
1-0: Called Strike
1-1: Fly out, F9 (Flyball, 9, EV 88.8 MPH)
Batting: RHB Paul Van Gilder 0-0: Ball
1-0: Called Strike
1-1: 2-RUN HOME RUN (Flyball, 78XD, EV 100.6 MPH), Distance : 406 ft
Batting: RHB Eduardo Calderon 0-0: Swinging Strike
0-1: Swinging Strike
0-2: SINGLE (Groundball, 6D, EV 96.9 MPH)
Batting: SHB Yutaro Takahashi 0-0: Ball
1-0: Ball
2-0: Ball
3-0: Called Strike
3-1: Base on Balls
Eduardo Calderon to second
Batting: LHB Phil Lerner 0-0: Ball
Passed Ball!
Eduardo Calderon to third
Yutaro Takahashi to second
1-0: Foul Ball, location: 2F
1-1: Ball
2-1: TRIPLE (Line Drive, 9LD, EV 102.5 MPH)
Eduardo Calderon scores
Yutaro Takahashi scores
Batting: RHB Hector Fernandez 0-0: Ball
1-0: Called Strike
1-1: Ball
2-1: 2-RUN HOME RUN (Flyball, 89XD, EV 100.6 MPH), Distance : 411 ft
Pitching: RHP Roy Battist
Batting: SHB Manny Berrones 0-0: Ball
1-0: Ball
2-0: Called Strike
2-1: Ground out 5-3 (Groundball, 25, EV 86.2 MPH)
Bottom of the 5th over - 6 runs, 4 hits, 0 errors, 0 left on base; Eugene 0 - Tri-City 11
TOP OF THE 6TH
Eugene Emeralds batting - Pitching for Tri-City Dust Devils : LHP Juan Lopez
Batting: RHB Alvaro Romero 0-0: Called Strike
0-1: Ball
1-1: Called Strike
1-2: Foul Ball, location: 2F
1-2: Foul Ball, location: 2F
1-2: Ball
2-2: Foul Ball, location: 2F
2-2: Strikes out swinging
Batting: RHB Du Kim 0-0: Ball
1-0: Called Strike
1-1: Ball
2-1: Ball
3-1: Base on Balls
Batting: RHB Ryan Bush 0-0: Ball
1-0: Ball
2-0: Fly out, F8 (Flyball, 8LD, EV 102.5 MPH)
Batting: RHB Eric Wiss 0-0: Ball
Du Kim is caught stealing 2nd base 2-4
Top of the 6th over - 0 runs, 0 hits, 0 errors, 0 left on base; Eugene 0 - Tri-City 11
BOTTOM OF THE 6TH
Tri-City Dust Devils batting - Pitching for Eugene Emeralds : RHP Roy Battist
Batting: RHB Brian DeVoe 0-0: Ball
1-0: Ball
2-0: Ball
3-0: Base on Balls
Batting: LHB Jeremy DiGenova 0-0: Ball
1-0: Ball
2-0: Called Strike
2-1: Ball
3-1: SINGLE (Line Drive, 89M, EV 105.0 MPH)
Brian DeVoe to second
Batting: LHB Roger Duque 0-0: Ball
1-0: Ball
2-0: Ball
3-0: Called Strike
3-1: Base on Balls
Brian DeVoe to third
Jeremy DiGenova to second
Batting: RHB Paul Van Gilder 0-0: Grounds into double play, 4-6-3 (Groundball, 4M, EV 81.9 MPH)
Brian DeVoe scores
Jeremy DiGenova to third
Batting: RHB Eduardo Calderon 0-0: Called Strike
0-1: Ball
Wild Pitch!
Jeremy DiGenova scores
1-1: Swinging Strike
1-2: Ball
2-2: Ball
3-2: Base on Balls
Batting: SHB Yutaro Takahashi 0-0: Ball
Wild Pitch!
Eduardo Calderon to second
1-0: Called Strike
1-1: Ball
2-1: Ball
3-1: Swinging Strike
3-2: Foul Ball, location: 2F
3-2: Base on Balls
Batting: LHB Phil Lerner 0-0: Ball
1-0: Fly out, F4 (Popup, 4M, EV 73.8 MPH)
Bottom of the 6th over - 2 runs, 1 hit, 0 errors, 2 left on base; Eugene 0 - Tri-City 13
TOP OF THE 7TH
Eugene Emeralds batting - Pitching for Tri-City Dust Devils : LHP Juan Lopez
Pinch Hitting: RHB Hugo Torrez 0-0: Foul Ball, location: 2F
0-1: Ball
1-1: Swinging Strike
1-2: Ball
2-2: Strikes out looking
Pinch Hitting: RHB Josh Burns 0-0: Called Strike
0-1: Foul Ball, location: 2F
0-2: Strikes out swinging
Batting: RHB Taylor Garofalo 0-0: Ball
1-0: Foul Ball, location: 2F
1-1: Ball
2-1: Ball
3-1: Ground out 5-3 (Groundball, 56, EV 82.5 MPH)
Top of the 7th over - 0 runs, 0 hits, 0 errors, 0 left on base; Eugene 0 - Tri-City 13
BOTTOM OF THE 7TH
Tri-City Dust Devils batting - Pitching for Eugene Emeralds : RHP Roy Battist
Now at 2B: Hugo Torrez
Now in LF: Josh Burns
Batting: RHB Hector Fernandez 0-0: Ball
1-0: Called Strike
1-1: Ball
2-1: Foul Ball, location: 2F
2-2: SINGLE (Groundball, 56D, EV 94.4 MPH)
Batting: SHB Manny Berrones 0-0: Called Strike
0-1: Ball
1-1: Fielders Choice at 2nd, 3-6 (Groundball, 34S, EV 90.6 MPH)
Pitching: RHP Juan Bonilla
Pinch Hitting: RHB Ruben Luis 0-0: Ball
Wild Pitch!
Manny Berrones to second
1-0: Ball
2-0: Ball
3-0: Base on Balls
Batting: LHB Jeremy DiGenova 0-0: Swinging Strike
0-1: Ball
1-1: Foul Ball, location: 2F
1-2: Ball
2-2: Ball
3-2: Foul Ball, location: 2F
3-2: Base on Balls
Manny Berrones to third
Ruben Luis to second
Batting: LHB Roger Duque 0-0: Ball
1-0: Called Strike
1-1: Hit by Pitch
Manny Berrones scores
Ruben Luis to third
Jeremy DiGenova to second
Batting: RHB Paul Van Gilder 0-0: Ball
1-0: Swinging Strike
1-1: Called Strike
1-2: Strikes out looking
Batting: RHB Eduardo Calderon 0-0: Ball
1-0: Called Strike
1-1: Ball
2-1: Ball
Wild Pitch!
Ruben Luis scores
Jeremy DiGenova to third
Roger Duque to second
3-1: Swinging Strike
3-2: Strikes out swinging
Bottom of the 7th over - 2 runs, 1 hit, 0 errors, 2 left on base; Eugene 0 - Tri-City 15
TOP OF THE 8TH
Eugene Emeralds batting - Pitching for Tri-City Dust Devils : LHP Juan Lopez
Now at SS: Ruben Luis
Batting: RHB Bill Holmes 0-0: Foul Ball, location: 2F
0-1: Called Strike
0-2: Hit by Pitch
Batting: RHB Jerry Blas 0-0: Called Strike
0-1: Foul Ball, location: 2F
0-2: Ball
1-2: Strikes out swinging
Batting: RHB Josh Asch 0-0: Ball
1-0: Swinging Strike
1-1: Foul Ball, location: 2F
1-2: Strikes out swinging
Batting: RHB Alvaro Romero 0-0: Called Strike
0-1: Ball
1-1: Ball
2-1: Called Strike
2-2: Ball
3-2: Base on Balls
Bill Holmes to second
Pinch Hitting: RHB Mike Larson 0-0: Called Strike
0-1: Swinging Strike
0-2: Strikes out swinging
Top of the 8th over - 0 runs, 0 hits, 0 errors, 2 left on base; Eugene 0 - Tri-City 15
BOTTOM OF THE 8TH
Tri-City Dust Devils batting - Pitching for Eugene Emeralds : RHP Juan Bonilla
Now in CF: Mike Larson
Batting: SHB Yutaro Takahashi 0-0: Ball
1-0: Called Strike
1-1: Ball
2-1: TRIPLE (Line Drive, 89XD, EV 107.5 MPH)
Batting: LHB Phil Lerner 0-0: Foul Ball, location: 2F
0-1: Foul Ball, location: 2F
0-2: Ball
1-2: Fly out, F8 (Flyball, 78M, EV 88.8 MPH)
Runner from 3rd tags up, OUT at HOME! 8-2
Batting: RHB Hector Fernandez 0-0: Ball
1-0: Called Strike
1-1: Foul Ball, location: 2F
1-2: Ball
2-2: Foul Ball, location: 2F
2-2: Foul Ball, location: 2F
2-2: Strikes out swinging
Bottom of the 8th over - 0 runs, 1 hit, 0 errors, 0 left on base; Eugene 0 - Tri-City 15
TOP OF THE 9TH
Eugene Emeralds batting - Pitching for Tri-City Dust Devils : LHP Juan Lopez
Pitching: RHP Jay Cowgill
Batting: RHB Ryan Bush 0-0: Ball
1-0: Ball
2-0: Swinging Strike
2-1: Ball
3-1: Base on Balls
Batting: RHB Hugo Torrez 0-0: Ball
1-0: Ground out 5-3 (Groundball, 56S, EV 71.9 MPH)
Ryan Bush to second
Batting: RHB Josh Burns 0-0: Ball
1-0: Called Strike
1-1: Ball
2-1: Ground out 5-3 (Groundball, 5, EV 84.4 MPH)
Batting: RHB Taylor Garofalo 0-0: Ball
Wild Pitch!
Ryan Bush to third
1-0: Called Strike
1-1: Swinging Strike
1-2: Foul Ball, location: 2F
1-2: Foul Ball, location: 2F
1-2: Strikes out swinging
Top of the 9th over - 0 runs, 0 hits, 0 errors, 1 left on base; Eugene 0 - Tri-City 15
Tuesday, September 13th , 2022 - OOTP Baseball 23.7 Build 88